 Dungeon Crawl Stone Soup version 0.30-a0-879-ga8ba668 (webtiles) character file.

Game seed: 298481838659137495

51 Dorkslayer the Trooper (level 3, 0/33 HPs)
             Began as a Hill Orc Fighter on Mar 13, 2023.
             Slain by an iguana (8 damage)
             ... on level 3 of the Dungeon.
             The game lasted 00:05:08 (1525 turns).

Dorkslayer the Trooper (Hill Orc Fighter)           Turns: 1525, Time: 00:05:09

Health: 0/33       AC:  8    Str: 20    XL:     3   Next: 83%
Magic:  3/3        EV:  8    Int:  8    God:
Gold:   189        SH: 10    Dex: 10    Spells: 2/2 levels left

rFire   . . .      SeeInvis .    a - +0 war axe
rCold   . . .      Faith    .    l - +2 kite shield
rNeg    . . .      Spirit   .    b - +0 scale mail
rPois   .          Reflect  .    (no helmet)
rElec   .          Rampage  .    (no cloak)
rCorr   .                        c - +0 pair of gloves
Will    .....                    (no boots) Stlth
                                 (no amulet)
HPRegen 0.25/turn                (no ring)
MPRegen 0.08/turn                (no ring)

@: no status effects
A: no striking features
a: no special abilities


You were on level 3 of the Dungeon.
You visited 1 branch of the dungeon, and saw 3 of its levels.

You collected 189 gold pieces.

Inventory:

Hand Weapons
 a - a +0 war axe (weapon)
Armour
 b - a +0 scale mail (worn)
 c - a +0 pair of gloves (worn)
 l - a +2 kite shield (worn)
Scrolls
 e - a scroll of enchant armour {unknown}
 f - a scroll of teleportation
 j - a scroll of vulnerability {unknown}
 k - a scroll of brand weapon {unknown}
Potions
 d - 3 potions of might
 g - 2 potions of curing
 h - 2 potions of haste
 i - a potion of magic


   Skills:
 * Level 4.2 Fighting
 * Level 3.4 Axes
 * Level 3.8 Armour
 * Level 0.9 Dodging
 + Level 3.5 Shields


You had 2 spell levels left.
You didn't know any spells.
Your spell library contained the following spells:

 Spells                   Type           Power      Damage    Failure   Level
 Shock                    Conj/Air       0%         1d3       98%         1
 Swiftness                Air            0%         N/A       100%        3
 Airstrike                Air            0%         2d(0-16)  100%        4


Dungeon Overview and Level Annotations

Branches:
Dungeon (3/15)

Altars:
Ashenzari

Shops:
D:1 [


Message History

The hobgoblin hits you but does no damage.
You barely miss the hobgoblin.
The hobgoblin hits you but does no damage. x2
You completely miss the hobgoblin. The hobgoblin barely misses you.
You barely miss the hobgoblin.
The hobgoblin hits you but does no damage.
You block the hobgoblin's attack.
You hit the hobgoblin but do no damage. You block the hobgoblin's attack.
You closely miss the hobgoblin.
The hobgoblin hits you but does no damage.
You block the hobgoblin's attack.
You barely miss the hobgoblin. You block the hobgoblin's attack.
You slash the hobgoblin!
You kill the hobgoblin!
You see here a hobgoblin corpse.
There is a faded altar of an unknown god here.
You open the door.
There is an open door here.
You block the iguana's attack.
You slash the iguana!
The iguana is severely wounded.
You block the iguana's attack.
You hit the iguana.
The iguana is severely wounded.
The iguana bites you! The iguana misses you.
You barely miss the iguana.
The iguana is severely wounded.
You block the iguana's attack.
You hit the iguana but do no damage.
The iguana is severely wounded.
The iguana barely misses you. The iguana bites you!
You hit the iguana but do no damage.
The iguana is severely wounded.
You block the iguana's attack.
You barely miss the iguana.
The iguana is severely wounded.
The iguana bites you!
* * * LOW HITPOINT WARNING * * *
The iguana bites you!
You die...

.........##.#.#####..
..........#.#........
..............[.###..
...#.##.....#.#.# #..
...............#####
..#.####........#
#######.#.....#
#.....#...<...#
#@###'#....##.### .
#l#...#.##....†.##
....#g#.####......#...
....'.8....#####..####
....#####._†#####.# ..
##....8.'.# ####.#.###
#P.P#.# #'###.#


You could see an iguana and a hobgoblin.

Vanquished Creatures
  2 worms (D:2)
  2 dart slugs
  4 endoplasms (D:1)
  3 giant cockroaches
  2 goblins (D:1)
  6 hobgoblins
  2 jackals (D:3)
  4 ball pythons
  5 bats (D:1)
  3 kobolds
  4 rats
37 creatures vanquished.

Vanquished Creatures (others)
  2 fungi (D:3)
  A plant (D:3)
3 creatures vanquished.

Grand Total: 40 creatures vanquished

Notes
Turn   | Place    | Note
-------+----------+-------------------------------------------
     0 | D:1      | Dorkslayer the Hill Orc Fighter began the quest for the
                  | Orb.
     0 | D:1      | Reached XP level 1. HP: 19/19 MP: 1/1
   265 | D:1      | Reached XP level 2. HP: 27/27 MP: 2/2
   768 | D:1      | Found Loumi's Armour Shop.
   774 | D:1      | Reached skill level 4 in Fighting
   820 | D:1      | Reached XP level 3. HP: 31/33 MP: 3/3
  1127 | D:2      | Found a broken altar of Ashenzari.
  1475 | D:3      | Found a faded altar of an unknown god.
  1525 | D:3      | Slain by an iguana

Illustrated notes

Levels and vault maps discovered:
D:1:      dpeg_arrival_tiny_a, layout_basic, serial_shops, shop, nicolae_titane
D:2:      layout_rooms, basic_altar
D:3:      layout_loops_cross, serial_shops, nicolae_shop_trees,
          shapermc_ecumenical_altar_ellora

Skill      XL: |  1  2 |
---------------+-------+-----
Axes           | 3 |  3.4
Fighting       | 4 |  4.2
Armour         | |  3.8
Dodging        | |  0.9
Shields        | |  3.5

Action                     || total
---------------------------++-------
  Melee: War axe           ||   121
    Use: Scroll            ||     4
 Armour: Scale mail        ||    49
  Dodge: Dodged            ||    50
  Block: Buckler           ||    11
         Kite shield       ||    34

Table legend: (Time is in decaauts)
 A = Elapsed time spent in this place.
 B = Non-inter-level travel time spent in this place.
 C = Inter-level travel time spent in this place.
 D = Time resting spent in this place.
 E = Time spent auto-exploring this place.
 F = Levels seen in this place.
 G = Mean time per level.
                   A        B        C        D        E       F      G
               +--------+--------+--------+--------+--------+-----+--------+
         Total |   1578 |   1578 |      0 |      0 |    530 |   3 |  526.0 |
       Dungeon |   1578 |   1578 |      0 |      0 |    530 |   3 |  526.0 |
               +--------+--------+--------+--------+--------+-----+--------+

Top non-repeatable levels by time:
     D:1: 929 daAuts
     D:2: 428 daAuts
     D:3: 219 daAuts
